 Dungeon Crawl Stone Soup version 0.29.1-15-g9cfb28693d (webtiles) character file.

Game seed: 16907528667874568618

473 Ast3rio the Poker (level 7, -1/60 HPs)
             Began as a Gnoll Cinder Acolyte on Mar 23, 2023.
             Was a High Priest of Ignis.
             Slain by a white imp (4 damage)
             ... on level 4 of the Dungeon.
             The game lasted 00:09:23 (5590 turns).

Ast3rio the Poker (Gnoll Cinder Acolyte)            Turns: 5590, Time: 00:09:24

Health: -1/60      AC:  1    Str: 13 (16) XL:     7   Next: 10%
Magic:  6/12       EV: 11    Int: 11 (13) God:    Ignis [*****.]
Gold:   283        SH:  0    Dex:  4 (7)  Spells: 11/13 levels left

rFire   + . .      SeeInvis .   a - -1 spear (flame)
rCold   . . .      Faith    .   (no shield)
rNeg    . . .      Spirit   .   (no body armour)
rPois   .          Reflect  .   x - +1 hat
rElec   .          Harm     .   (no cloak)
rCorr   .          Rampage  .   (no gloves)
Will    .....                   (no boots)
Stlth   +.........              (no amulet)
HPRegen 0.20/turn               (no ring)
MPRegen 0.13/turn               (no ring)

@: no status effects
A: fangs 1, strong nose, distributed training
a: Renounce Religion, Fiery Armour, Foxfire Swarm, Rising Flame


You were on level 4 of the Dungeon.
You worshipped Ignis.
Ignis was extremely pleased with you.
You visited 1 branch of the dungeon, and saw 4 of its levels.
You also visited: Sewer.

You collected 283 gold pieces.

Inventory:

Hand Weapons
 a - a -1 spear of flaming (weapon)
 y - a +2 dagger of freezing
Armour
 b - a +0 robe
 x - a +1 hat (worn)
Jewellery
 f - a ring of poison resistance
 i - a +6 ring of dexterity
 l - a ring of protection from cold
 p - a ring of ice
 u - an amulet of magic regeneration
 w - a ring of willpower
Scrolls
 g - 6 scrolls of amnesia {unknown}
 n - a scroll of blinking {unknown}
 o - a scroll of noise {unknown}
 q - a scroll of teleportation {unknown}
 r - a scroll of butterflies {unknown}
 t - 2 scrolls of enchant armour {unknown}
 v - 2 scrolls of poison {unknown}
 z - a scroll of enchant weapon {unknown}
 C - 2 scrolls of identify {unknown}
 D - 2 scrolls of immolation {unknown}
Potions
 c - 2 potions of degeneration
 d - a potion of resistance
 e - a potion of curing {unknown}
 h - 2 potions of haste
 j - 3 potions of brilliance
 k - a potion of flight {unknown}
 m - a potion of lignification
 s - 2 potions of might {unknown}
 A - a potion of mutation {unknown}
 B - 2 potions of magic {unknown}
 E - a potion of cancellation {unknown}
 F - a potion of heal wounds {unknown}


   Skills:
 + Level 7.0 Fighting
 + Level 2.3 Short Blades
 + Level 2.3 Long Blades
 + Level 2.3 Axes
 + Level 2.3 Maces & Flails
 + Level 7.0 Polearms
 + Level 2.3 Staves
 + Level 2.3 Ranged Weapons
 + Level 2.3 Throwing
 + Level 2.3 Armour
 + Level 2.3 Dodging
 + Level 2.3 Stealth
 + Level 2.3 Shields
 + Level 2.3 Unarmed Combat
 + Level 3.7 Spellcasting
 + Level 1.9 Conjurations
 + Level 1.9 Hexes
 + Level 1.9 Summonings
 + Level 1.9 Necromancy
 + Level 1.9 Translocations
 + Level 1.9 Transmutations
 + Level 5.8 Fire Magic
 + Level 1.9 Ice Magic
 + Level 1.9 Air Magic
 + Level 1.9 Earth Magic
 + Level 1.9 Poison Magic
 + Level 2.6 Invocations
 + Level 2.3 Evocations


You had 11 spell levels left.
You knew the following spells:

 Your Spells              Type           Power      Damage    Failure   Level
a - Scorch                Fire           28%        2d6       3%          2

Your spell library contained the following spells:

 Spells                   Type           Power      Damage    Failure   Level


Dungeon Overview and Level Annotations

Branches:
Dungeon (4/15)              Sewer (visited)
 Temple: D:4-7

Altars:
Fedhas
Makhleb

Annotations:
D:4 promet's ghost, amateur MiFi


Innate Abilities, Weirdness & Mutations

You have very sharp teeth.
Your uncanny sense of smell can sniff out nearby items.
Your experience applies equally to all skills.


Message History

The white imp gestures at you. The puff of frost hits you!
The hound simulacrum bites you. The hound simulacrum freezes you!
You hit the hound simulacrum but do no damage.
The hound simulacrum is severely damaged.
The white imp gestures at you. The puff of frost hits you!
The hound simulacrum bites you. The hound simulacrum freezes you.
You barely miss the hound simulacrum. Your bite misses the hound simulacrum.
The hound simulacrum is severely damaged.
The hound simulacrum closely misses you.
Casting: Scorch (safe; 3% risk of failure)
Confirm with . or Enter, or press ? or * to list all spells.
Flames lash the hound simulacrum.
The hound simulacrum melts!
The hound simulacrum vaporises!
The white imp puffs mist at you. The white imp gestures at you.
The puff of frost hits you!
* * * LOW HITPOINT WARNING * * *
The white imp hits you.
* * * LOW HITPOINT WARNING * * *
The white imp freezes you.
* * * LOW HITPOINT WARNING * * *
Casting: Scorch (safe; 3% risk of failure)
Confirm with . or Enter, or press ? or * to list all spells.
Flames lash the white imp but do no damage.
The white imp barely misses you. The white imp gestures at you.
The puff of frost hits you!
* * * LOW HITPOINT WARNING * * *
Casting: Scorch (safe; 3% risk of failure)
Confirm with . or Enter, or press ? or * to list all spells.
Flames lash the white imp.
The white imp is burned terribly!
The white imp is moderately wounded.
The white imp's fire resistance burns away.
The white imp laughs crazily.
The white imp hits you.
* * * LOW HITPOINT WARNING * * *
The white imp freezes you.
You die...

##..#.(#...W.. #..#.##÷.# #.
##.#..##..... #..#.###.# #.
#.#...###$$##..##.# #.# #.
#.##....####...#..# #.# #.
#..#..........##.####+###.
##.##.........#..##.....#.
#..##.......##.###.....'.
##..###'○5###..# #.....##
######....5@.....## #.....#
######.....######.##..# #.....#
.....'.....######.##.#######'#.##
######.....##................#..#
# #.....##.#################.# #
#.....##.# #.. # #.....##.# ### #
###'####.# # #.# #.# #


You could see 2 white imps.

Vanquished Creatures
  2 necrophages (D:4)
  A scorpion (D:4)
  2 jellies (Sewer)
  An orc priest (D:3)
  Terence (D:3)
  7 adders
  A river rat (Sewer)
  A hound simulacrum (D:4)
  3 dart slugs
  An adder simulacrum (D:4)
  5 orcs
  9 bats
  7 endoplasms
  6 giant cockroaches
  5 goblins
  4 hobgoblins
  2 quokkas
  14 ball pythons
  3 frilled lizards
  5 kobolds
  7 rats
87 creatures vanquished.

Vanquished Creatures (others)
  18 foxfires (D:3)
18 creatures vanquished.

Grand Total: 105 creatures vanquished

Notes
Turn   | Place    | Note
-------+----------+-------------------------------------------
     0 | D:1      | Ast3rio the Gnoll Cinder Acolyte began the quest for the
                  | Orb.
     0 | D:1      | Reached XP level 1. HP: 23/23 MP: 4/4
   626 | D:1      | Reached XP level 2. HP: 29/29 MP: 5/5
  1015 | D:2      | Reached XP level 3. HP: 25/35 MP: 7/7
  1018 | D:2      | Learned a level 2 spell: Scorch
  1374 | D:2      | Reached skill level 1 in Invocations
  1545 | D:2      | Reached skill level 1 in Short Blades
  1545 | D:2      | Reached skill level 1 in Long Blades
  1545 | D:2      | Reached skill level 1 in Axes
  1545 | D:2      | Reached skill level 1 in Maces & Flails
  1545 | D:2      | Reached skill level 1 in Staves
  1545 | D:2      | Reached skill level 1 in Ranged Weapons
  1545 | D:2      | Reached skill level 1 in Throwing
  1545 | D:2      | Reached skill level 1 in Armour
  1545 | D:2      | Reached skill level 1 in Dodging
  1545 | D:2      | Reached skill level 1 in Stealth
  1545 | D:2      | Reached skill level 1 in Shields
  1545 | D:2      | Reached skill level 1 in Unarmed Combat
  1545 | D:2      | Reached skill level 1 in Evocations
  2217 | D:3      | Reached skill level 1 in Conjurations
  2217 | D:3      | Reached skill level 1 in Hexes
  2217 | D:3      | Reached skill level 1 in Summonings
  2217 | D:3      | Reached skill level 1 in Necromancy
  2217 | D:3      | Reached skill level 1 in Translocations
  2217 | D:3      | Reached skill level 1 in Transmutations
  2217 | D:3      | Reached skill level 1 in Ice Magic
  2217 | D:3      | Reached skill level 1 in Air Magic
  2217 | D:3      | Reached skill level 1 in Earth Magic
  2217 | D:3      | Reached skill level 1 in Poison Magic
  2217 | D:3      | Reached XP level 4. HP: 34/41 MP: 8/8
  2496 | D:3      | Noticed Terence
  2500 | D:3      | Killed Terence
  2501 | D:3      | Reached XP level 5. HP: 47/47 MP: 4/9
  2733 | D:3      | Found a blossoming altar of Fedhas.
  2925 | D:3      | Found a faded altar of an unknown god.
  3175 | D:4      | Found a burning altar of Makhleb.
  3232 | D:4      | Found a glowing drain.
  3384 | Sewer    | Entered a sewer
  3628 | Sewer    | Reached XP level 6. HP: 53/53 MP: 5/11
  4082 | Sewer    | Found a viscous altar of Jiyva.
  4746 | D:4      | Reached XP level 7. HP: 22/60 MP: 1/12
  5241 | D:4      | Found a runed translucent gate.
  5241 | D:4      | Found a runed translucent gate.
  5241 | D:4      | Found a runed translucent gate.
  5554 | D:4      | Noticed promet's ghost (amateur MiFi)
  5590 | D:4      | HP: 3/60 [white imp (1)]
  5590 | D:4      | Slain by a white imp

Illustrated notes

Levels and vault maps discovered:
D:1:      mushboom_english_gardens, layout_basic
D:2:      layout_basic
D:3:      layout_rooms, lemuel_coloured_pillars_altar,
          chequers_ecumenical_altar_lobes, kennysheep_minor_cross,
          reono_crystal_passage, minmay_stone_trees_small, uniq_terence
D:4:      kennysheep_six_static_rooms, layout_basic,
          mainiacjoe_overflow_six_doors_small, gammafunk_ghost_icy,
          cheibrodos_sewer_entry_sluice

Skill      XL: |  1  2  3  4  5  6 |
---------------+-------------------+-----
Invocations    | 1 2 |  2.6
Short Blades   | 1 2 |  2.3
Long Blades    | 1 2 |  2.3
Axes           | 1 2 |  2.3
Maces & Flails | 1 2 |  2.3
Staves         | 1 2 |  2.3
Ranged Weapons | 1 2 |  2.3
Throwing       | 1 2 |  2.3
Armour         | 1 2 |  2.3
Dodging        | 1 2 |  2.3
Stealth        | 1 2 |  2.3
Shields        | 1 2 |  2.3
Unarmed Combat | 1 2 |  2.3
Evocations     | 1 2 |  2.3
Spellcasting   | 3 |  3.7
Conjurations   | 1 |  1.9
Hexes          | 1 |  1.9
Summonings     | 1 |  1.9
Necromancy     | 1 |  1.9
Translocations | 1 |  1.9
Transmutations | 1 |  1.9
Ice Magic      | 1 |  1.9
Air Magic      | 1 |  1.9
Earth Magic    | 1 |  1.9
Poison Magic   | 1 |  1.9
Fighting       | 7 |  7.0
Polearms       | 7 |  7.0
Fire Magic     | |  5.8

Action                   |  1- 3 |  4- 6 |  7- 9 || total
-------------------------+-------+-------+-------++-------
Melee: Spear             |    86 |    66 |     6 ||   158
       Bite              |     2 |     5 |     1 ||     8
 Cast: Scorch            |       |    52 |    10 ||    62
Invok: Foxfire Swarm     |     1 |       |       ||     1
  Use: Potion            |       |       |     5 ||     5
 Stab: Sleeping          |     2 |     1 |       ||     3
Armor: Robe              |    11 |    11 |       ||    22
       Skin              |       |     1 |       ||     1
Dodge: Dodged            |    31 |    36 |     3 ||    70
